Map: Magannatha LE

Players

Looping

  • Race: Terran Terran
  • League: Gold
  • Spawn Location: 11:00

Sindyr - Winner!

  • Race: Terran Terran
  • League: Master
  • Spawn Location: 5:00

VOD

Have the link to the VOD?

Description

Time

  • Played on: Nov. 5, 2025, 11:09 a.m.
  • Length: 7:42
Show
View Real Time Build Order
Export as new Build Order

Looping Terran 

Build Orders: Reaper Expand 

Get SALT Encoding   

  12  0:01  SCV  
  13  0:13  SCV  
  14  0:18  Supply Depot  
  14  0:32  SCV  
  15  0:44  SCV  
  15  0:46  Barracks  
  16  0:52  Refinery  
  16  0:56  SCV  
  17  1:08  SCV  
  17  1:11  Refinery  
  18  1:21  SCV  
  19  1:37  Command Center  
  19  1:51  Reaper  
  21  1:54  Orbital Command  
  20  2:05  Factory  
  20  2:32  SCV  
  21  2:42  Barracks Tech Lab  
  22  2:44  SCV  
  22  2:46  Engineering Bay  
  22  2:48  Factory Tech Lab  
  22  2:50  Barracks  
  22  2:54  Starport  
  22  3:11  SCV  
  22  3:20  Siege Tank  
  22  3:21  Marine  
  26  3:30  Supply Depot  
  26  3:31  SCV  
  26  3:33  SCV  
  28  3:41  Supply Depot, Starport Reactor  
  28  3:43  SCV  
  28  3:45  SCV, Barracks Tech Lab  
  30  3:51  Marine  
  30  3:55  SCV  
  32  4:00  SCV  
  33  4:07  SCV  
  34  4:12  SCV  
  34  4:14  Marine  
  34  4:15  Marauder, Stimpack  
  38  4:19  SCV  
  38  4:21  Refinery  
  38  4:22  Combat Shield  
  39  4:24  SCV  
  40  4:33  Marine  
  41  4:42  SCV x2  
  43  4:48  Refinery  
  43  4:54  SCV x2  
  45  5:01  Marine  
  45  5:02  Marauder  
  45  5:05  Medivac  
  50  5:08  SCV  
  50  5:10  Orbital Command  
  51  5:21  SCV  
  52  5:27  Command Center  
  52  5:33  SCV  
  53  5:37  Marine  
  54  5:47  Marine, Siege Tank  
  54  5:49  Supply Depot  
  58  5:50  Supply Depot  
  58  5:54  SCV  
  58  5:55  Concussive Shells, Marine  
  60  6:01  Barracks  
  60  6:03  Medivac  
  62  6:05  Barracks  
  62  6:10  Marine  
  65  6:13  Marine  
  65  6:14  Supply Depot  
  64  6:18  Supply Depot  
  64  6:28  Marine  
  64  6:31  Marine  
  66  7:01  Marine x2  
  66  7:02  SCV x2  
  66  7:03  SCV  
  71  7:14  SCV  
  71  7:15  SCV x2  
  74  7:26  SCV  
  74  7:27  SCV  
Show
View Real Time Build Order
Export as new Build Order

Sindyr Terran - Winner!

Build Orders:  

Get SALT Encoding   

  12  0:04  SCV  
  13  0:16  SCV  
  14  0:21  Supply Depot  
  14  0:29  SCV  
  15  0:43  SCV  
  15  0:46  Barracks  
  16  0:50  Refinery  
  16  0:55  SCV  
  17  1:07  SCV  
  18  1:19  SCV  
  19  1:31  Command Center  
  19  1:41  Orbital Command  
  18  1:54  Barracks Tech Lab  
  18  2:05  Supply Depot  
  18  2:13  SCV  
  18  2:15  Factory  
  19  2:25  SCV, Marine  
  20  2:37  SCV  
  20  2:41  Refinery  
  20  2:43  Marine  
  22  2:45  Stimpack  
  22  2:50  SCV  
  23  2:55  Orbital Command  
  23  3:01  Marine  
  23  3:02  SCV  
  23  3:14  SCV, Factory Tech Lab  
  24  3:20  Starport  
  24  3:26  SCV  
  25  3:27  Factory Reactor  
  25  3:31  SCV  
  26  3:38  SCV, Marine  
  28  3:43  SCV  
  29  3:49  Barracks  
  29  3:50  SCV  
  29  3:55  SCV  
  31  3:56  Marine  
  31  3:58  Engineering Bay  
  31  4:02  SCV  
  33  4:07  SCV  
  34  4:10  Factory Tech Lab  
  34  4:11  Barracks  
  34  4:14  Marine, SCV  
  36  4:19  Medivac x2  
  40  4:26  SCV x2  
  40  4:30  Terran Infantry Weapons Level 1  
  42  4:32  Marine  
  42  4:38  SCV x2  
  44  4:40  Barracks Reactor  
  45  4:50  SCV  
  46  4:55  Supply Depot  
  46  4:57  Supply Depot  
  46  4:59  Supply Depot  
  46  5:14  Command Center  
  46  5:17  Marine, SCV x2  
  46  5:18  Refinery  
  46  5:20  Refinery  
  49  5:23  Supply Depot, Marine x2  
  49  5:24  Supply Depot  
  49  5:25  Barracks Tech Lab  
  51  5:29  SCV x2  
  51  5:31  Medivac x2  
  51  5:34  Marine  
  58  5:41  SCV, Marine  
  60  5:48  Armory  
  60  5:52  Marine x2  
  60  5:53  Marauder  
  64  5:59  Marine  
  64  6:01  Medivac  
  64  6:02  Siege Tank  
  70  6:10  Marine x2  
  72  6:19  Marine x2  
  72  6:20  Barracks  
  72  6:22  Medivac, Barracks  
  76  6:28  Marine x2  
  76  6:31  Barracks  
  78  6:36  Barracks, Marine  
  78  6:37  Marine  
  80  6:40  Orbital Command  
  80  6:42  SCV  
  80  6:43  SCV  
  80  6:46  Marine x2  
  84  6:54  SCV  
  84  7:01  SCV  
  86  7:07  SCV  
  87  7:13  SCV  
  88  7:19  SCV  
  87  7:25  SCV  
Tags
 
Matchup
TvT
Race
Terran
Replay Pack
Multiplayer
Spawn Locations
Cross Positions
Add a new tag
Caveats
  • Supply blocks, unpowered buildings, or Contaminate may cause inaccurate times.
  • Supply counts are checked every 10 seconds.